[Event "Late-Titled-Tuesday-Blitz-October-03-2023"]
[Site "Chess.com"]
[Date "2023.10.03"]
[Round "7"]
[White "alexrustemov"]
[Black "HajiyevKanan"]
[Result "1-0"]
[WhiteElo "2819"]
[BlackElo "2543"]
[TimeControl "180+1"]
[EndTime "15:13:35 PDT"]
[Termination "alexrustemov won by checkmate"]

1. d4 d5 2. c4 c6 3. Nc3 Nf6 4. e3 a6 5. Qc2 g6 6. Nf3 Bf5 7. Qb3 Bc8 8. Be2 Bg7 9. O-O O-O 10. Bd2 dxc4 11. Bxc4 b5 12. Be2 Bb7 13. Rfd1 Nbd7 14. a4 Nb6 15. Ne5 Nfd7 16. Nd3 e6 17. Ne4 Rb8 18. Bb4 Re8 19. Nd6 Nxa4 20. Nxe8 Qxe8 21. Qc2 Rc8 22. Bc5 Naxc5 23. Nxc5 Nxc5 24. dxc5 Ra8 25. Ra5 e5 26. b4 Bc8 27. Bf3 Bf8 28. Qe4 Bb7 29.
Ra2 f5 30. Qc2 e4 31. Qb3+ Kg7 32. Qc3+ Kh6 33. Be2 Bg7 34. Qb3 Rd8 35. Rad2 Rxd2 36. Rxd2 Bc8 37. Qd1 Be5 38. Rd8 Qe6 39. g3 Bb7 40.
Qd7 Qa2 41. Bf1 Bc3 42. Qe7 Be1 43. Qh4+ Kg7 44. Rd7+ Kf8 45. Qd8# 1-0

[Event "Late-Titled-Tuesday-Blitz-October-03-2023"]
[Site "Chess.com"]
[Date "2023.10.03"]
[Round "7"]
[White "OYAcosta"]
[Black "Rozhkov_V"]
[Result "0-1"]
[WhiteElo "2187"]
[BlackElo "2440"]
[TimeControl "180+1"]
[EndTime "15:13:38 PDT"]
[Termination "Rozhkov_V won by resignation"]

1. d4 d5 2. Nf3 Nf6 3. Bf4 g6 4. Nc3 Bg7 5. Nb5 Na6 6. e3 c6 7.
Nc3 Nb8 8. h4 h6 9. Ne5 Nbd7 10.
Bd3 Nxe5 11. Bxe5 Nh5 12. Bxg7 Nxg7 13. Qf3 Bf5 14. O-O-O h5 15. Bxf5 Nxf5 16. Kb1 b5 17.
e4 dxe4 18. Qxe4 Qd7 19. d5 c5 20. d6 O-O 21. dxe7 Qxe7 22. Qxe7 Nxe7 23. Nxb5 Nf5 24. g3 Rab8 25. Nxa7 Nd4 26. c3 Nf5 27. Nc6 Rb6 28. Ne5 Rfb8 29. b3 Ra8 30. Rd7 Rba6 31. a4 Rb8 32. Kc2 Re6 33. Re1 Rbe8 34. Rdd1 Rxe5 35. Rxe5 Rxe5 36. Rd8+ Kg7 37. Kd3 Ne7 38. Rc8 Nd5 39.
f4 Re3+ 40. Kc4 Nb6+ 41. Kxc5 Nxc8 42. c4 Rxb3 43. a5 Na7 0-1

[Event "Late-Titled-Tuesday-Blitz-October-03-2023"]
[Site "Chess.com"]
[Date "2023.10.03"]
[Round "7"]
[White "jk13"]
[Black "Inepton_Fermion"]
[Result "1-0"]
[WhiteElo "2677"]
[BlackElo "2419"]
[TimeControl "180+1"]
[EndTime "15:13:39 PDT"]
[Termination "jk13 won on time"]

1. e4 c5 2. c3 d5 3. exd5 Qxd5 4. d4 Nf6 5. Nf3 e6 6. Na3 a6 7. Nc2 Nc6 8. Be3 cxd4 9. Ncxd4 Nxd4 10. Bxd4 Be7 11. Bd3 O-O 12. O-O b5 13. Qe2 Bb7 14. Rfe1 h6 15. a4 bxa4 16. Rxa4 a5 17. Bc4 Qh5 18.
Ne5 Qxe2 19. Bxe2 Rfb8 20. Rea1 Bd8 21. c4 Be4 22. Bd1 Bc7 23. Bc3 Rd8 24. Kf1 Nd7 25.
Nxd7 Rxd7 26. Ke1 Bxg2 27. Bxa5 Bc6 28. R4a3 Bxh2 29. Bc3 Rad8 30. b4 Bd6 31. Rb3 Be4 32. c5 Be7 33. b5 Bd5 34. c6 Rd6 35. Rb2 Be4 36. Rd2 1-0

[Event "Late-Titled-Tuesday-Blitz-October-03-2023"]
[Site "Chess.com"]
[Date "2023.10.03"]
[Round "7"]
[White "RETURNOFTHELAGGER"]
[Black "WindWhistler11"]
[Result "1-0"]
[WhiteElo "2684"]
[BlackElo "2470"]
[TimeControl "180+1"]
[EndTime "15:13:40 PDT"]
[Termination "RETURNOFTHELAGGER won by resignation"]

1. e4 e6 2. d4 d5 3. Nd2 Nc6 4.
Ngf3 Nf6 5. e5 Nd7 6. Nb3 f6 7. Bb5 a5 8. a4 Na7 9. exf6 Qxf6 10. Be2 h6 11. Nxa5 b6 12. Nb3 Bd6 13. c3 O-O 14. a5 b5 15. O-O c6 16. Bd3 e5 17.
dxe5 Nxe5 18. Nxe5 Qxe5 19. f4 Qf6 20. Qh5 Bd7 21.
Be3 Nc8 22. Bd4 Qf7 23. Bg6 Qe7 24. Rae1 Qd8 25. Bc2 Ne7 26. f5 Rf7 27. f6 gxf6 28. Rxf6 Qf8 29. Qxh6 Qxh6 30. Rxh6 Kf8 31. Rh8+ Ng8 32.
Bh7 Rxh7 33. Rxh7 Be8 34. Rf1+ Nf6 35. Rxf6+ 1-0

[Event "Late-Titled-Tuesday-Blitz-October-03-2023"]
[Site "Chess.com"]
[Date "2023.10.03"]
[Round "7"]
[White "Byniolus"]
[Black "subham777"]
[Result "1-0"]
[WhiteElo "2754"]
[BlackElo "2539"]
[TimeControl "180+1"]
[EndTime "15:13:40 PDT"]
[Termination "Byniolus won on time"]

1. d4 d5 2. Bf4 Nf6 3. e3 c5 4. c3 Qb6 5. Qb3 c4 6. Qc2 Nc6 7. Nd2 g6 8. e4 dxe4 9. Nxc4 Qd8 10. Ne2 Bg7 11. Ng3 Bf5 12. Nxf5 gxf5 13. Qb3 Qc8 14. O-O-O O-O 15. d5 Nb8 16. Ne3 Ng4 17. Nxg4 fxg4 18. h3 Na6 19. Be3 Nc5 20. Qc4 b6 21. Be2 g3 22.
fxg3 Qd7 23. Bxc5 Rfc8 24. Bg4 f5 25. d6+ Kh8 26. dxe7 Qe8 27. Bxf5 Rxc5 28. Qxe4 1-0

[Event "Late-Titled-Tuesday-Blitz-October-03-2023"]
[Site "Chess.com"]
[Date "2023.10.03"]
[Round "7"]
[White "Bilan_Danila"]
[Black "UK_23"]
[Result "1-0"]
[WhiteElo "2537"]
[BlackElo "2403"]
[TimeControl "180+1"]
[EndTime "15:13:40 PDT"]
[Termination "Bilan_Danila won by resignation"]

1. d4 d5 2. Nf3 Nf6 3. c4 e6 4. Nc3 Be7 5. Bg5 O-O 6. e3 b6 7. Ne5 Bb7 8. Bd3 dxc4 9. Bxc4 c5 10. dxc5 Qxd1+ 11. Rxd1 Bxc5 12. O-O h6 13. Bh4 Ba6 14. Bxa6 Nxa6 15. Bxf6 gxf6 16. Nd7 Rfc8 17. Nxf6+ Kg7 18. Nfe4 Bf8 19. g3 Nb4 20. Rd7 a6 21. Rfd1 b5 22. Rb7 Rcb8 23. Rdd7 Rxb7 24. Rxb7 Nd3 25. b3 b4 26. Ne2 Rc8 27. Nd4 Kg6 28. h4 h5 29.
Ng5 Rc1+ 30. Kg2 Ne1+ 31. Kh2 Bh6 32. Nxf7 Nd3 33. Nh8+ Kf6 34. Rf7+ Ke5 35. Kg2 Ne1+ 36. Kh3 Nd3 37. Ng6+ Kd6 38. Rf6 Bg7 39. Nf5+ Kd5 40. Nxg7 Rc2 41. Nf4+ Kc5 42. Nxd3+ 1-0

[Event "Late-Titled-Tuesday-Blitz-October-03-2023"]
[Site "Chess.com"]
[Date "2023.10.03"]
[Round "7"]
[White "canary2016"]
[Black "RIPOL"]
[Result "0-1"]
[WhiteElo "2153"]
[BlackElo "2434"]
[TimeControl "180+1"]
[EndTime "15:13:40 PDT"]
[Termination "RIPOL won on time"]

1. d4 Nf6 2. c4 e6 3. Nc3 Bb4 4. Qc2 O-O 5. Bg5 d6 6. Nf3 Nbd7 7. e3 b6 8. Bd3 h6 9. Bh4 Bb7 10. Be2 c5 11. O-O Bxc3 12. Qxc3 Rc8 13. Rac1 cxd4 14.
exd4 d5 15. Qe3 dxc4 16. Rxc4 Ba6 17. Rxc8 Qxc8 18. Ne5 Bxe2 19. Qxe2 Nd5 20. Qd2 Nxe5 21. dxe5 Qc4 22. Bg3 Qxa2 23. h3 Rc8 24. Rd1 Qb3 25. Qe2 Rc2 26. Qa6 Rxb2 27. Rc1 Rb1 28. Rxb1 Qxb1+ 29. Kh2 g5 30. Qxa7 Qe4 31. Qa8+ Kg7 32. Qd8 b5 33. f3 Qe2 34. h4 Ne3 35. Qf6+ Kg8 36.
Qd8+ Kh7 0-1

[Event "Late-Titled-Tuesday-Blitz-October-03-2023"]
[Site "Chess.com"]
[Date "2023.10.03"]
[Round "7"]
[White "egnfanclub"]
[Black "dorpato"]
[Result "1-0"]
[WhiteElo "2377"]
[BlackElo "2055"]
[TimeControl "180+1"]
[EndTime "15:13:42 PDT"]
[Termination "egnfanclub won by resignation"]

1. e4 c5 2. Nc3 g6 3. f4 Bg7 4. Nf3 Nc6 5. Bc4 e6 6. f5 Nge7 7. fxe6 fxe6 8. d3 O-O 9. O-O d5 10. Bb3 Kh8 11. Bg5 Qd7 12. Qe1 a6 13. Qh4 b5 14. a3 c4 15. Ba2 Bb7 16. dxc4 dxc4 17. Rad1 Qc7 18. Ne2 Nc8 19. c3 Nb6 20. Nf4 e5 21.
Nxg6+ Kg8 22. Nxf8 Rxf8 23. Bh6 Rf7 24. Ng5 Re7 25. Bxg7 Rxg7 26. Ne6 Qe7 27. Rf8+ Qxf8 28. Nxf8 Kxf8 29. Qf6+ Kg8 30. Rf1 Nd7 31. Qd6 Nd8 32. Qc7 Ne6 33. Qxb7 Nf4 34. g3 h5 35. Kh1 Nd3 36.
Qd5+ Kh7 37. b3 h4 38. bxc4 hxg3 39. hxg3 Rxg3 40. Qxd7+ Rg7 41. Rf7 1-0

[Event "Late-Titled-Tuesday-Blitz-October-03-2023"]
[Site "Chess.com"]
[Date "2023.10.03"]
[Round "7"]
[White "SEBAZZANO"]
[Black "andjela_djidjika"]
[Result "1-0"]
[WhiteElo "2247"]
[BlackElo "1969"]
[TimeControl "180+1"]
[EndTime "15:13:42 PDT"]
[Termination "SEBAZZANO won by checkmate"]

1. d4 d6 2. e4 Nd7 3. Nc3 g6 4. Nf3 Bg7 5. Bf4 e6 6. Qd2 Ne7 7. O-O-O O-O 8. Bh6 a6 9. h4 Nf6 10. h5 Nxh5 11. g4 Bxh6 12. Qxh6 Kh8 13. gxh5 Ng8 14. Qe3 b6 15. hxg6 fxg6 16. Ng5 h6 17. Bc4 Qf6 18.
e5 Qf5 19. Bd3 Qf4 20. Nh3 Qxe3+ 21. fxe3 Ne7 22. exd6 cxd6 23. Nf4 Kg7 24. Rdg1 g5 25. Nh5+ Kg8 26. Ne4 Nd5 27. Kd2 Bb7 28. Nxd6 Bc6 29. e4 Nb4 30. Rf1 Nxd3 31. cxd3 Rfd8 32. Nc4 Rxd4 33.
Ke3 Rdd8 34. Rf6 b5 35. Ne5 Bd7 36. Rhf1 Rf8 37. Rg6+ Kh7 38. Rg7+ Kh8 39. Ng6# 1-0

[Event "Late-Titled-Tuesday-Blitz-October-03-2023"]
[Site "Chess.com"]
[Date "2023.10.03"]
[Round "7"]
[White "Maestro1986"]
[Black "Dr_crypt"]
[Result "1-0"]
[WhiteElo "2558"]
[BlackElo "2433"]
[TimeControl "180+1"]
[EndTime "15:13:43 PDT"]
[Termination "Maestro1986 won by resignation"]

1. Nf3 Nf6 2. g3 b6 3. Bg2 Bb7 4. O-O e6 5. c4 Be7 6. Qc2 O-O 7. Nc3 c5 8. Re1 d5 9. cxd5 exd5 10. d4 Nc6 11. Rd1 Rc8 12. Bf4 Re8 13. Bh3 Ra8 14.
Nb5 Bc8 15. Bc7 Bxh3 16. Bxd8 Rexd8 17. a3 a6 18. Nc3 g6 19. dxc5 Bxc5 20. Na4 Bf5 21.
Qc1 Ne4 22. Nxc5 bxc5 23. b4 Rac8 24. bxc5 d4 25. Qh6 f6 26. Nh4 Ne7 27. Nxf5 Nxf5 28. Qf4 Nc3 29. Rd2 Rxc5 30. g4 g5 31. Qf3 Ng7 32.
Qxf6 Ne4 33. Qxd8+ Kf7 34. Qd7+ Kg6 35. Qxd4 1-0

[Event "Late-Titled-Tuesday-Blitz-October-03-2023"]
[Site "Chess.com"]
[Date "2023.10.03"]
[Round "7"]
[White "miraitrunks"]
[Black "tantaan"]
[Result "1-0"]
[WhiteElo "2226"]
[BlackElo "2377"]
[TimeControl "180+1"]
[EndTime "15:13:43 PDT"]
[Termination "miraitrunks won on time"]

1. e4 c5 2. Nf3 e6 3. c3 d5 4.
exd5 Qxd5 5. d4 Nf6 6. Na3 Nc6 7.
Be3 cxd4 8. Nb5 Qd8 9. Nbxd4 Nd5 10. Nxc6 bxc6 11. Qa4 Nxe3 12. fxe3 Qb6 13. Nd4 Bd7 14.
O-O-O Rb8 15. Nb3 e5 16. Bc4 Bf5 17. e4 Qe3+ 18. Kb1 Bxe4+ 19. Ka1 Qb6 20. Rhe1 f5 21. Bd5 Bxd5 22. Rxd5 Kf7 23. Rdxe5 g6 24. Qc4+ Kg7 25. Qh4 Rb7 26. Qd4 Qxd4 27. Nxd4 Bd6 28. Re6 Bf4 29. Rxc6 Kh6 30. g3 Bg5 31. h4 Bd8 32.
Nxf5+ Kh5 33. Ne3 Bb6 34. Nd5 1-0

[Event "Late-Titled-Tuesday-Blitz-October-03-2023"]
[Site "Chess.com"]
[Date "2023.10.03"]
[Round "7"]
[White "Msb2"]
[Black "Rud_Makarian"]
[Result "1/2-1/2"]
[WhiteElo "3063"]
[BlackElo "2965"]
[TimeControl "180+1"]
[EndTime "15:13:45 PDT"]
[Termination "Game drawn by stalemate"]

1. d4 Nf6 2. c4 e6 3. Nc3 d5 4.
cxd5 exd5 5. Bg5 c6 6. e3 h6 7.
Bf4 Nbd7 8. Bd3 Nb6 9. h3 Bd6 10.
Nge2 O-O 11. O-O Re8 12. Qc2 a5 13. Rab1 Be6 14. f3 Bxf4 15. Nxf4 Qd6 16. Rbe1 Bd7 17. Qf2 c5 18. dxc5 Qxc5 19. e4 Qxf2+ 20. Kxf2 dxe4 21. Nxe4 Nxe4+ 22. Bxe4 Bb5 23. Bxb7 Bxf1 24. Bxa8 Rxe1 25.
Kxe1 Bc4 26. b3 Bxb3 27. axb3 Nxa8 28. Nd5 f5 29. Kd2 Kf7 30. Kc3 Ke6 31. Kc4 Kd6 32.
Ne3 Ke5 33. Kb5 Kf4 34. Nf1 g5 35. Kxa5 Nc7 36. b4 Nd5 37. b5 h5 38. b6 Nxb6 39.
Kxb6 h4 40. Kc5 g4 41. fxg4 fxg4 42. Kd4 gxh3 43. gxh3 Kf3 44. Ke5 Kg2 45. Kf4 Kxh3 46. Kf3 1/2-1/2

[Event "Late-Titled-Tuesday-Blitz-October-03-2023"]
[Site "Chess.com"]
[Date "2023.10.03"]
[Round "7"]
[White "Alexei_Gubajdullin"]
[Black "crazy_but_lazy"]
[Result "1-0"]
[WhiteElo "2761"]
[BlackElo "2585"]
[TimeControl "180+1"]
[EndTime "15:13:45 PDT"]
[Termination "Alexei_Gubajdullin won by resignation"]

1. d4 g6 2. Nf3 Bg7 3. Bf4 c5 4.
e3 b6 5. Be2 Bb7 6. O-O Nf6 7. h3 O-O 8. a4 d6 9. a5 a6 10. axb6 Qxb6 11. Nbd2 Nbd7 12. Nc4 Qc7 13. Na5 Be4 14. Nd2 Bf5 15. Bf3 Rab8 16. Nc6 Rbe8 17. Rxa6 cxd4 18. exd4 Nb8 19. Nxb8 Qxb8 20. Nb3 Rc8 21. Bc6 Be4 22. d5 e5 23. Be3 Nh5 24.
Nd2 f5 25. Nxe4 fxe4 26. Rb6 Qa7 27. Rb7 Qa5 28. Qg4 Nf4 29. Qd7 Nh5 30. g4 Rcd8 31.
Qe6+ Kh8 32. gxh5 gxh5 33. Kh1 Rde8 34. Qd7 Rg8 35. Rg1 Qa2 36. Rxg7 Qb1+ 37. Kh2 1-0

[Event "Late-Titled-Tuesday-Blitz-October-03-2023"]
[Site "Chess.com"]
[Date "2023.10.03"]
[Round "7"]
[White "LeninGuerra"]
[Black "KafkaesqueKnight"]
[Result "1-0"]
[WhiteElo "2593"]
[BlackElo "2354"]
[TimeControl "180+1"]
[EndTime "15:13:45 PDT"]
[Termination "LeninGuerra won on time"]

1. e4 c5 2. Nf3 d6 3. b4 cxb4 4. a3 b3 5. cxb3 Nf6 6. d3 g6 7. Bb2 Bg7 8. Be2 O-O 9. O-O Nc6 10. Nbd2 a6 11. Ra2 b5 12. Qa1 Bb7 13. Rc1 Rc8 14.
Bc3 e5 15. Rac2 Nh5 16. d4 Nf4 17. Bf1 Nxd4 18. Nxd4 exd4 19. Bxd4 Rxc2 20. Rxc2 Be5 21.
g3 Ne6 22. Bxe5 dxe5 23. Qxe5 Nd4 24. Rc1 Ne2+ 25. Bxe2 Qxd2 26. Rc7 Qxe2 27. Rxb7 Qd1+ 28. Kg2 Qxb3 29. Qe7 h5 30. Ra7 Qa4 31. Qb4 Qxb4 32. axb4 Rc8 33. Rxa6 Rc4 34. Kf3 Rxb4 35. Kf4 Kg7 36.
Rb6 Rb2 37. f3 b4 38. h4 b3 39. Rb7 Rb1 40. e5 Kf8 41. Kg5 b2 42. Kf6 Ke8 43. f4 Rg1 44. Rb8+ Kd7 45. Rxb2 Rxg3 46. Kxf7 Rg4 47.
Rd2+ Kc6 48. Rf2 Rxh4 49. e6 1-0

[Event "Late-Titled-Tuesday-Blitz-October-03-2023"]
[Site "Chess.com"]
[Date "2023.10.03"]
[Round "7"]
[White "Dacean99"]
[Black "ARTHURMOTIVATOR"]
[Result "1-0"]
[WhiteElo "2533"]
[BlackElo "2319"]
[TimeControl "180+1"]
[EndTime "15:13:46 PDT"]
[Termination "Dacean99 won on time"]

1. d4 Nf6 2. Nc3 d5 3. Bg5 Nbd7 4. Qd3 g6 5. e4 dxe4 6. Nxe4 Bg7 7. O-O-O O-O 8. h4 b6 9. h5 Bb7 10. hxg6 Bxe4 11.
gxf7+ Rxf7 12. Qh3 Bg6 13. Bc4 Qf8 14. f4 Re8 15. f5 Bh5 16. Re1 c6 17. Be6 Bh6 18. Bxf7+ Kxf7 19. Nf3 Qg7 20. Qh4 Rg8 21. Bxh6 Qxh6+ 22. Kb1 Rg4 23. Qh3 Kf8 24. Re6 Qg7 25. a3 Rxg2 26.
Ne5 Be8 27. Nxc6 h5 28. Rxe7 Rg1+ 29. Re1 Rxh1 30. Qxh1 Qg4 31. Ne5 Qxd4 32. Nxd7+ Qxd7 33. Qh4 Qf7 34. Qg5 Bd7 35. Rg1 Ng4 36. f6 Be6 37. Rf1 Ba2+ 38. Ka1 Bc4 39. Rf4 Be6 40. Rd4 Qc7 41. c3 a6 42. a4 b5 43.
axb5 Qa5+ 44. Kb1 Qa2+ 45. Kc1 Qa1+ 46. Kc2 1-0

[Event "Late-Titled-Tuesday-Blitz-October-03-2023"]
[Site "Chess.com"]
[Date "2023.10.03"]
[Round "7"]
[White "GMG"]
[Black "ChristopherYoo"]
[Result "0-1"]
[WhiteElo "2766"]
[BlackElo "2997"]
[TimeControl "180+1"]
[EndTime "15:13:48 PDT"]
[Termination "ChristopherYoo won on time"]

1. d4 d5 2. c4 e6 3. Nf3 Nf6 4. Nc3 h6 5. g3 Nc6 6. Bg2 Bd6 7. b3 O-O 8. Bb2 Re8 9. O-O dxc4 10. bxc4 e5 11. Nb5 e4 12. Nxd6 cxd6 13. Ne1 Na5 14. Rc1 d5 15. c5 e3 16. f3 Bf5 17. g4 Bg6 18. Nd3 Nc4 19. Bc3 Bxd3 20. Qxd3 Nd7 21. Be1 Nf8 22. Bg3 Ne6 23. f4 Qd7 24. Rc2 Rad8 25.
Rd1 b6 26. f5 Ng5 27. cxb6 axb6 28. Bf4 Ne4 29. Qb3 Ned2 0-1

[Event "Late-Titled-Tuesday-Blitz-October-03-2023"]
[Site "Chess.com"]
[Date "2023.10.03"]
[Round "7"]
[White "azikom"]
[Black "marik_spb"]
[Result "1-0"]
[WhiteElo "2597"]
[BlackElo "2391"]
[TimeControl "180+1"]
[EndTime "15:13:48 PDT"]
[Termination "azikom won by checkmate"]

1. d4 Nf6 2. c4 e6 3. Nc3 Bb4 4. e3 c5 5. Ne2 O-O 6. a3 Bxc3+ 7. Nxc3 cxd4 8. exd4 d5 9. c5 Nc6 10. Bf4 e5 11.
dxe5 Re8 12. Bb5 d4 13. O-O dxc3 14. Qxd8 Rxd8 15. exf6 Nd4 16. Bc4 Be6 17. Bxe6 Ne2+ 18.
Kh1 Nxf4 19. Bg4 cxb2 20. Rab1 Rd2 21. fxg7 Nd3 22. Kg1 Nxc5 23. g3 Kxg7 24. Rfe1 Na4 25. Re3 Rad8 26. Rb3 b6 27. Kg2 R8d3 28. Rb4 Rxa3 29.
Bf5 a5 30. Rg4+ Kf8 31. Bxh7 Nc3 32. Re1 Ra1 33. Rg8# 1-0

[Event "Late-Titled-Tuesday-Blitz-October-03-2023"]
[Site "Chess.com"]
[Date "2023.10.03"]
[Round "7"]
[White "dedpihto_v_kozhanom_palto"]
[Black "Giorno"]
[Result "0-1"]
[WhiteElo "2677"]
[BlackElo "2516"]
[TimeControl "180+1"]
[EndTime "15:13:49 PDT"]
[Termination "Giorno won on time"]

1. c4 b6 2. Nc3 Bb7 3. d4 e6 4.
a3 f5 5. d5 e5 6. e4 Nf6 7.
exf5 Be7 8. Bd3 c6 9. Bc2 cxd5 10. cxd5 d6 11. Nf3 h6 12. O-O Nbd7 13. Nh4 O-O 14. Ng6 Rf7 15. Be3 Nf8 16. Rc1 Nxg6 17. fxg6 Rf8 18.
Bf5 Bc8 19. Bxc8 Rxc8 20. f4 e4 21. Qd4 Qd7 22. Nxe4 Nxe4 23. Qxe4 Bf6 24. Qb4 Rce8 25. Bf2 Qf5 26. Qxd6 Qxg6 27. Rfe1 Qd3 28. Rxe8 Rxe8 29. Qd7 Re7 30. Qc6 Bxb2 31. Rf1 Bf6 32. h3 Re2 33. d6 Rd2 0-1

[Event "Late-Titled-Tuesday-Blitz-October-03-2023"]
[Site "Chess.com"]
[Date "2023.10.03"]
[Round "7"]
[White "jinxy2009"]
[Black "Elbebiber"]
[Result "0-1"]
[WhiteElo "2260"]
[BlackElo "2154"]
[TimeControl "180+1"]
[EndTime "15:13:50 PDT"]
[Termination "Elbebiber won by checkmate"]

1. e4 d5 2. exd5 Nf6 3. d4 Nxd5 4. c4 Nb6 5. Nc3 e5 6. dxe5 Qxd1+ 7. Nxd1 Nc6 8. f4 Be6 9. Ne3 Bb4+ 10. Bd2 Bxd2+ 11. Kxd2 O-O-O+ 12. Kc3 Rd4 13. f5 Na4+ 14. Kc2 Re4 15. fxe6 Rxe3 16. exf7 Nxe5 17. Be2 Nxf7 18. Bg4+ Kb8 19. Nf3 Rhe8 20. Rhe1 Re2+ 21. Rxe2 Rxe2+ 22. Kb3 Nc5+ 23. Kb4 b6 24. Ng5 Rxb2+ 25. Ka3 Rxg2 26. Nxf7 Rxg4 27. Re1 Rxc4 28. Re8+ Kb7 29. Re7 Ka6 30. Rxc7 Ra4+ 31. Kb2 Rh4 32. Nd6 Rxh2+ 33. Ka3 Rh3+ 34. Kb4 Rh4+ 35. Ka3 Ne4 36. Nc8 Kb5 37. Rxg7 a5 38. Na7+ Ka6 39. Nc6 Rh3+ 40. Ka4 b5# 0-1

[Event "Late-Titled-Tuesday-Blitz-October-03-2023"]
[Site "Chess.com"]
[Date "2023.10.03"]
[Round "7"]
[White "falzehope0"]
[Black "chessajedrezz2020"]
[Result "0-1"]
[WhiteElo "2353"]
[BlackElo "2687"]
[TimeControl "180+1"]
[EndTime "15:13:52 PDT"]
[Termination "chessajedrezz2020 won by resignation"]

1. d4 d5 2. e3 Nf6 3. Bd3 g6 4. f4 Bg7 5. Nf3 O-O 6. O-O c5 7. c3 b6 8. Nbd2 Ba6 9. Bxa6 Nxa6 10. b3 Rc8 11. Ba3 Nc7 12. c4 Ne6 13. Bb2 cxd4 14. Nxd4 Nc5 15. f5 Qd7 16. Kh1 Rcd8 17. Qe2 Nce4 18.
N2f3 Nc5 19. Ne5 Qc7 20. Ng4 Nxg4 21. Qxg4 Nd3 22. Bc3 dxc4 23. fxg6 hxg6 24. Rad1 Ne5 25. Qg3 cxb3 26. Ba1 bxa2 27. Nf3 f6 28. Bxe5 fxe5 29. Ng5 Rxd1 30. Rxd1 Qc2 31. Rg1 Qb1 32. Qh3 Qxg1+ 0-1

[Event "Late-Titled-Tuesday-Blitz-October-03-2023"]
[Site "Chess.com"]
[Date "2023.10.03"]
[Round "7"]
[White "scandalgod"]
[Black "Arteler"]
[Result "0-1"]
[WhiteElo "2473"]
[BlackElo "2624"]
[TimeControl "180+1"]
[EndTime "15:13:53 PDT"]
[Termination "Arteler won on time"]

1. d4 d5 2. c4 dxc4 3. e3 Nf6 4. Bxc4 e6 5. Nf3 c5 6. O-O Nc6 7. Qe2 cxd4 8. Rd1 Be7 9. exd4 O-O 10. Nc3 Nb4 11.
Ne5 Nbd5 12. Bg5 Bd7 13. Nxd5 Nxd5 14. Bxd5 Bxg5 15. Bxb7 Rb8 16. Bc6 Be8 17. b3 Qd6 18. d5 Bf6 19. Nc4 Qc5 20. Rac1 Bxc6 21. Ne5 Qb5 22. Qxb5 Bxb5 23. Ng4 Bg5 24. Rc7 Be2 25.
Rd4 exd5 26. h3 Bxg4 27. Rxg4 Bf6 28. Rxa7 Rfd8 29. Rg3 d4 30. Rd3 Rbc8 31. Rd2 d3 0-1

[Event "Late-Titled-Tuesday-Blitz-October-03-2023"]
[Site "Chess.com"]
[Date "2023.10.03"]
[Round "7"]
[White "Pomberito2"]
[Black "FERNANDEZL1983"]
[Result "1-0"]
[WhiteElo "2487"]
[BlackElo "2605"]
[TimeControl "180+1"]
[EndTime "15:13:53 PDT"]
[Termination "Pomberito2 won by checkmate"]

1. d4 Nf6 2. Nf3 e6 3. Bg5 d5 4. e3 h6 5. Bh4 c5 6. c3 Nbd7 7.
Nbd2 Qb6 8. Qb3 c4 9. Qc2 Qc7 10.
Be2 b5 11. e4 Bb7 12. Bg3 dxe4 13. Bxc7 exf3 14. Bxf3 Nd5 15. Bxd5 Bxd5 16. O-O Be7 17.
b3 O-O 18. Bg3 Nb6 19. b4 f5 20. Be5 a5 21. a3 Ra7 22. Rab1 axb4 23. axb4 Rfa8 24.
Rb2 Ra3 25. Nb1 Ra1 26. Qd2 Be4 27. Qf4 Nd5 28. Qg3 g5 29. Bd6 Bf6 30. Be5 Be7 31. f4 g4 32. h3 Kh7 33. hxg4 fxg4 34.
Re1 Bf5 35. Nd2 Nxc3 36. Qxc3 Rxe1+ 37. Kh2 Rg8 38. g3 Re2+ 39. Kg1 Ra8 40. Nf1 Rxb2 41.
Qxb2 Ra4 42. Qg2 Ra7 43. Qc6 Bd3 44. Qxe6 c3 45. Qf7# 1-0

[Event "Late-Titled-Tuesday-Blitz-October-03-2023"]
[Site "Chess.com"]
[Date "2023.10.03"]
[Round "7"]
[White "APOKALIPSA13"]
[Black "The_Princess_Moon"]
[Result "0-1"]
[WhiteElo "2157"]
[BlackElo "2283"]
[TimeControl "180+1"]
[EndTime "15:13:58 PDT"]
[Termination "The_Princess_Moon won by checkmate"]

1. e4 c5 2. Nc3 a6 3. f4 b5 4.
Nf3 Bb7 5. a3 b4 6. axb4 cxb4 7.
Nd5 e6 8. Qe2 exd5 9. exd5+ Qe7 10. Ne5 d6 11. d4 dxe5 12. dxe5 Bxd5 13. Be3 Nh6 14. Qd2 Bb7 15. O-O-O Nc6 16. Bc5 Qc7 17. Bb6 Qc8 18. g4 Nxg4 19. Rg1 h5 20. h3 Nh6 21.
Be2 Nf5 22. Bc4 Be7 23. e6 f6 24. Rg6 b3 25. Qd7+ Qxd7 26. exd7+ Kf8 27. cxb3 Nd8 28. Re1 Bc6 29. Rd1 Rb8 30. Bc7 Rb7 31. Bxd8 Bxd8 32. Be6 Ne3 33. Rd3 Be4 34. Rxe3 Bxg6 35. f5 Bf7 36.
Kc2 Bxe6 37. fxe6 Ke7 38. Kc3 Rb6 39. b4 Rxe6 40. Rd3 Rd6 41. Re3+ Kxd7 42. Rg3 Be7 43. Rxg7 Rc8+ 44. Kb3 Rb6 45. Rh7 Rxb4+ 46. Ka2 Rc2 47. Rxh5 Rcxb2+ 48. Ka3 Rb5+ 49. Ka4 Rxh5 50. h4 Rhb5 51.
h5 Ra2# 0-1

[Event "Late-Titled-Tuesday-Blitz-October-03-2023"]
[Site "Chess.com"]
[Date "2023.10.03"]
[Round "7"]
[White "Zurability"]
[Black "elmusmolamas"]
[Result "1-0"]
[WhiteElo "2713"]
[BlackElo "2530"]
[TimeControl "180+1"]
[EndTime "15:14:01 PDT"]
[Termination "Zurability won by checkmate"]

1. Nf3 b6 2. g3 Bb7 3. Bg2 g6 4.
O-O Bg7 5. d4 Nf6 6. c4 O-O 7. d5 Ne4 8. Nd4 f5 9. Be3 c5 10. dxc6 Nxc6 11. f3 Nc5 12. Nc3 Rc8 13. Rc1 e5 14. Ndb5 Ba8 15. Nd6 Rb8 16. Bxc5 bxc5 17. Qd5+ Kh8 18. Nf7+ Rxf7 19. Qxf7 Rxb2 20. Rfd1 Nd4 21. Kf1 Bc6 22. Rb1 Rb4 23. a3 Rb6 24. Nd5 Rb8 25. e3 Nc2 26. Ke2 h6 27. Rxb8 Qxb8 28.
Ne7 g5 29. Qxf5 Nxa3 30. Ng6+ Kg8 31. Ne7+ Kh8 32. Nxc6 dxc6 33. f4 exf4 34. Rd7 Qb2+ 35. Kf3 fxe3 36. Rd8+ Bf8 37. Rxf8+ Kg7 38. Qf7# 1-0

[Event "Late-Titled-Tuesday-Blitz-October-03-2023"]
[Site "Chess.com"]
[Date "2023.10.03"]
[Round "7"]
[White "hellokostya"]
[Black "mfwagnerpeixoto"]
[Result "1-0"]
[WhiteElo "2537"]
[BlackElo "2330"]
[TimeControl "180+1"]
[EndTime "15:14:01 PDT"]
[Termination "hellokostya won on time"]

1. Nf3 Nf6 2. c4 g6 3. Nc3 Bg7 4. e4 d6 5. d4 O-O 6. Be2 e5 7.
d5 a5 8. h3 Na6 9. Be3 c6 10. g4 cxd5 11. cxd5 h5 12. g5 Nh7 13.
Qd2 Nc5 14. O-O-O Bd7 15. Kb1 b5 16. Bxc5 dxc5 17. Bxb5 Bxb5 18. Nxb5 Qd7 19. a4 f5 20. d6 fxe4 21. Qd5+ Kh8 22. Nxe5 Qf5 23. Nc6 Qxd5 24. Rxd5 Rxf2 25. d7 Rxb2+ 26. Kc1 Ra2 27. d8=Q+ Rxd8 28. Rxd8+ Nf8 29. Rhd1 e3 30. Re8 e2 31. Re1 Ra1+ 32.
Kd2 Ra2+ 33. Kd3 Rxa4 34. R1xe2 c4+ 35. Ke4 c3+ 36. Kf3 Rc4 37. Ncd4 a4 38. Nc2 Rc5 39. Nba3 Rxg5 40. R2e4 Rf5+ 41. Kg2 g5 42. Rxa4 Kh7 43. Ra7 Ng6 44. Rc8 Nh4+ 45. Kg1 Nf3+ 46. Kf2 Ne5+ 47.
Ke3 1-0

[Event "Late-Titled-Tuesday-Blitz-October-03-2023"]
[Site "Chess.com"]
[Date "2023.10.03"]
[Round "7"]
[White "shirovin"]
[Black "WilliamAlfaroCaracas"]
[Result "1-0"]
[WhiteElo "2078"]
[BlackElo "2206"]
[TimeControl "180+1"]
[EndTime "15:14:01 PDT"]
[Termination "shirovin won by checkmate"]

1. e4 e5 2. Nf3 Nc6 3. Bb5 f5 4. d3 fxe4 5. dxe4 Nf6 6. Qd3 Bb4+ 7. Nc3 d6 8. O-O Bxc3 9. bxc3 O-O 10. Bc4+ Kh8 11.
a4 Qe8 12. Ng5 Qg6 13. Qg3 Nh5 14. Qd3 h6 15. Nf3 Bg4 16. Nh4 Qf6 17. g3 Bh3 18. Ng2 g5 19. Rb1 Nf4 20. Bxf4 gxf4 21. Qf3 Rg8 22. Rxb7 Bg4 23. Qd3 f3 24. Ne3 Rg7 25.
Rfb1 h5 26. Bd5 Ne7 27. Rxc7 Nxd5 28. Qxd5 Rag8 29. Rxg7 Rxg7 30. Rb8+ Kh7 31. Qa8 Kg6 32. Rf8 Qe6 33. Re8 Qa2 34. Qc6 Qb1+ 35. Nf1 Bh3 36. Qxd6+ Kh7 37. Qa6 Rd7 38. Rxe5 Bxf1 39. Rxh5+ Kg8 40.
Qg6+ Rg7 41. Qe8# 1-0